 Dungeon Crawl Stone Soup version 0.22-a0-558-gc224181 (webtiles) character file.

5516 Amnesiac the Prestidigitator (level 10, -4/53 HPs)
             Began as a Spriggan Artificer on June 27, 2018.
             Was an Initiate of Gozag.
             Slain by a death yak (8 damage)
             ... on level 7 of the Dungeon.
             The game lasted 00:19:34 (9706 turns).

Amnesiac the Prestidigitator (Spriggan Artificer)   Turns: 9706, Time: 00:19:35

Health: -4/53      AC:  5    Str: 10    XL:     10   Next: 43%
Magic:  18/18      EV: 28    Int: 15    God:    Gozag
Gold:   1015       SH:  9    Dex: 22    Spells: 9/9 levels left

rFire    . . .     SeeInvis +   q - +1 long sword (drain)
rCold    . . .     Gourm    .   y - +0 buckler
rNeg     + . .     Faith    .   r - +0 robe
rPois    +         Spirit   .   (helmet restricted)
rElec    .         Reflect  +   I - +2 ratskin cloak {+Rats rPois rN+ Str-1 Int-1 Dex+1}
rCorr    .         Harm     .   (gloves unavailable)
MR       +....                  (boots unavailable)
Stlth    ++++......             v - +3 amulet of reflection
HPRegen  0.17/turn              l - +4 ring of dexterity
MPRegen  0.16/turn              p - +3 ring of intelligence

@: gold aura, very quick
A: very small, unfitting armour, see invisible, herbivore, speed 3, slow
metabolism 2
a: Potion Petition, Call Merchant, Bribe Branch, Renounce Religion, Evoke
Ratskin


You were on level 7 of the Dungeon.
You worshipped Gozag.
Gozag was most pleased with you.
You were not hungry.

You visited 2 branches of the dungeon, and saw 8 of its levels.

You collected 1440 gold pieces.
You spent 333 gold pieces at shops.
You paid 92 gold pieces to Gozag.

Inventory:

Hand Weapons
 a - a +3 scimitar of freezing
 b - a +3 dagger of freezing
 q - a +1 long sword of draining (weapon)
 w - a +0 blowgun
 B - a +1 short sword
Missiles
 j - 36 sling bullets
 m - 254 stones (quivered)
 x - 8 poisoned needles
Armour
 r - a +0 robe (worn)
 y - a +0 buckler (worn)
 I - the +2 ratskin cloak (worn) {+Rats rPois rN+ Str-1 Int-1 Dex+1}
   (You bought it in a shop on level 7 of the Dungeon)

   It affects your strength (-1).
   It affects your intelligence (-1).
   It affects your dexterity (+1).
   It protects you from poison.
   It protects you from negative energy.
Jewellery
 l - a +4 ring of dexterity (left hand)
 p - a +3 ring of intelligence (right hand)
 v - a +3 amulet of reflection (around neck)
 C - a +3 ring of dexterity
Wands
 c - a wand of flame (3)
 d - a wand of enslavement (15)
 e - a wand of random effects (35)
 g - a wand of scattershot (8)
 E - a wand of acid (5)
Scrolls
 s - a scroll of blinking {!r}
 t - 2 scrolls of remove curse {!r}
 u - a scroll of fog {!r, unknown}
 D - 2 scrolls of identify {!r}
 G - a scroll of enchant armour {!r, unknown}
 H - a scroll of enchant weapon {!r}
 J - a scroll of amnesia {!r, unknown}
Potions
 h - 3 potions of curing {!q, unknown}
 i - 5 potions of haste {!q, unknown}
 k - 2 potions of might {!q}
 n - a potion of magic {!q, unknown}
 o - 3 potions of lignification {!q, unknown}
 z - 3 potions of mutation {!q}
 A - a potion of degeneration {!q, unknown}
 F - a potion of resistance {!q, unknown}
 K - a potion of flight {!q, unknown}
Comestibles
 f - 4 rations


   Skills:
 + Level 6.1 Fighting
 - Level 8.2 Short Blades
 + Level 10.3 Dodging
 - Level 8.1 Stealth
 + Level 1.0 Shields
 * Level 10.5 Evocations


You had 9 spell levels left.
You didn't know any spells.
Your spell library was empty.

Dungeon Overview and Level Annotations

Branches:
Dungeon (7/15)             Temple (1/1) D:5

Altars:
Ashenzari
Cheibriados
Dithmenos
Elyvilon
Fedhas
Gozag
Hepliaklqana
Kikubaaqudgha
Makhleb
Nemelex Xobeh
Okawaru
Qazlal
Ru
Sif Muna
Trog
Uskayaw
Vehumet
Wu Jian
Xom
Yredelemnul
Zin
The Shining One

Shops:
D:7 [

Annotations:
D:4 dig


Innate Abilities, Weirdness & Mutations

You are very small and have problems with some larger weapons.
You are too small for most types of armour.
You have supernaturally acute eyesight. (SInv)
You are a herbivore.
You cover ground extremely quickly.
You need to consume almost no food.


Message History

The yak closely misses you.
You barely miss the yak.
The yak is heavily wounded.
You block the yak's attack.
You hit the yak.
The yak is heavily wounded.
The yak closely misses you. The yak gores you!
You hit the yak.
The yak is heavily wounded.
You block the yak's attack.
You barely miss the yak.
The yak is heavily wounded.
The yak gores you!
* * * LOW HITPOINT WARNING * * *
You barely miss the yak.
The yak is heavily wounded.
The yak completely misses you.
You riposte.
You hit the yak.
The yak is severely wounded.
The yak misses you.
You riposte.
You completely miss the yak.
The yak is severely wounded.
Your shield prevents you from hitting the yak.
The yak is severely wounded.
The yak completely misses you.
You closely miss the yak.
The yak is severely wounded.
You block the yak's attack.
You hit the yak.
The yak is severely wounded.
The yak completely misses you. The yak misses you.
You hit the yak.
The yak is severely wounded.
The yak completely misses you.
You hit the yak.
The yak is almost dead.
The yak barely misses you.
You hit the yak but do no damage.
The yak is almost dead.
You block the yak's attack. x2
You slash the yak!
You kill the yak!
Your Shields skill increases to level 1!
You hit the death yak.
The death yak is severely wounded.
The death yak gores you.
* * * LOW HITPOINT WARNING * * *
You hit the death yak.
The death yak is severely wounded.
The jackal is distracted by the nearby gold.
You block the death yak's attack. The death yak closely misses you.
The jackal barks!
You slash the death yak!
The death yak is almost dead.
You block the death yak's attack.
You hit the death yak.
The death yak is almost dead.
The jackal is no longer distracted by gold.
The death yak barely misses you.
You hit the death yak but do no damage.
The death yak is almost dead.
The death yak gores you!
* * * LOW HITPOINT WARNING * * *
The death yak gores you!
You die...
Your body crumbles into a pile of gold.

###
#############.##
#............#.#
#.##[########@##
#.#...## #Y#
####......# #h#
...#.#...## #h#
.....##.## #h#
##.####.# ####.#
##.# #.# ##....#
##.#
#######...#.# #.#
#.....#.Yh#.#####


You could see a death yak, a black bear and 2 jackals.

Vanquished Creatures
  Pikel (D:7)
  2 polar bears (D:7)
  A hippogriff (D:7)
  Eustachio (D:6)
  Sigmund (D:2)
  2 hogs (D:7)
  2 yaks (D:7)
  Menkaure (D:6)
  A water moccasin (D:6)
  4 ice beasts
  2 orc warriors (D:7)
  A black bear (D:7)
  A phantom (D:4)
  A slave (D:7)
  2 ogres (D:4)
  2 centaurs
  7 bullfrogs
  2 scorpions (D:5)
  4 wights
  2 bullfrog zombies
  A crimson imp (D:7)
  A centaur zombie (D:6)
  2 quasits
  A centaur skeleton (D:4)
  2 bullfrog skeletons (D:5)
  4 orc priests
  4 hounds
  7 orc wizards
  A gnoll shaman (D:5)
  3 iguanas
  A worker ant (D:5)
  Terence (D:3)
  2 hound skeletons
  13 adders
  7 gnolls
  A shadow imp (D:5)
  An ooze (D:3)
  An adder skeleton (D:7)
  An adder zombie (D:6)
  A worm (D:3)
  8 leopard geckos
  26 orcs
  9 bats
  3 giant cockroaches
  5 goblins
  5 hobgoblins
  3 jackals
  5 kobolds
  2 quokkas (D:3)
  A ball python skeleton (D:5)
  7 frilled lizards
  A quokka skeleton (D:6)
  10 rats
180 creatures vanquished.

Vanquished Creatures (collateral kills)
  2 polar bears (D:7)
  A troll (D:7)
  An orc warrior (D:7)
  A jelly (D:7)
  An orc (D:7)
6 creatures vanquished.

Vanquished Creatures (others)
  A slave (D:7)
  A quokka (D:7)
2 creatures vanquished.

Grand Total: 188 creatures vanquished

Notes
Turn   | Place    | Note
-------+----------+-------------------------------------------
     0 | D:1      | Amnesiac the Spriggan Artificer began the quest for the Orb.
     0 | D:1      | Reached XP level 1. HP: 9/9 MP: 4/4
   469 | D:2      | Noticed Sigmund
   481 | D:2      | Killed Sigmund
   481 | D:2      | Reached skill level 5 in Evocations
   481 | D:2      | Reached XP level 2. HP: 5/14 MP: 4/6
   481 | D:2      | Reached XP level 3. HP: 6/17 MP: 5/8
   481 | D:2      | Reached XP level 4. HP: 8/21 MP: 5/9
   481 | D:2      | Reached XP level 5. HP: 10/25 MP: 5/10
   670 | D:3      | Noticed an ice beast
   675 | D:3      | Killed an ice beast
   678 | D:4      | Noticed an ogre
   700 | D:4      | Noticed an ogre
   702 | D:4      | Killed an ogre
   702 | D:4      | Reached skill level 1 in Fighting
   702 | D:4      | Reached XP level 6. HP: 30/30 MP: 10/12
   882 | D:4      | HP: 1/30 [poisoned by an adder]
  1256 | D:5      | Entered Level 5 of the Dungeon
  1502 | D:5      | Found a white marble altar of Elyvilon.
  1611 | D:5      | Found a staircase to the Ecumenical Temple.
  1617 | Temple   | Entered the Ecumenical Temple
  1683 | Temple   | Became a worshipper of Gozag Ym Sagoz the Greedy
  2208 | D:1      | Reached skill level 5 in Stealth
  2568 | D:2      | Reached XP level 7. HP: 25/33 MP: 13/13
  2736 | D:2      | Reached skill level 5 in Short Blades
  3405 | D:3      | Noticed Terence
  3556 | D:3      | Killed Terence
  4587 | D:4      | Reached XP level 8. HP: 6/37 MP: 16/16
  4839 | D:4      | Reached skill level 5 in Dodging
  5180 | D:5      | Reached skill level 10 in Evocations
  6708 | D:6      | Noticed Eustachio
  6758 | D:6      | Killed Eustachio
  6758 | D:6      | Reached skill level 10 in Dodging
  7020 | D:6      | Reached XP level 9. HP: 38/43 MP: 17/17
  7814 | D:6      | Noticed Menkaure
  7819 | D:6      | Killed Menkaure
  8092 | D:7      | Reached skill level 5 in Fighting
  8167 | D:7      | Found Heiryoh's Armour Shop.
  8178 | D:7      | Bought the +2 ratskin cloak {+Rats rPois rN+ Str-1 Int-1 Dex+1} for 333 gold pieces
  8178 | D:7      | Found the +2 ratskin cloak {+Rats rPois rN+ Str-1 Int-1 Dex+1}
  8245 | D:7      | Found an ornate altar of the Wu Jian Council.
  8553 | D:7      | Noticed Pikel
  8644 | D:7      | Killed Pikel
  8704 | D:7      | Noticed a troll
  8753 | D:7      | Killed a troll
  9172 | D:7      | Reached XP level 10. HP: 53/53 MP: 18/18
  9301 | D:7      | Found a huge runed gate.
  9301 | D:7      | Found a huge runed gate.
  9301 | D:7      | Found a huge runed gate.
  9301 | D:7      | Found a huge runed gate.
  9305 | D:7      | Noticed a death yak
  9701 | D:7      | Reached skill level 1 in Shields
  9706 | D:7      | Slain by a death yak

Vault maps used:
D:1:      lightli_arrival_noodles
D:2:      first_ration, uniq_sigmund
D:3:      minmay_diamond_boxcup, uniq_terence
D:4:      minmay_surrounded
D:5:      minmay_temple_entry_enclosed_plants, basic_altar
D:6:      minivault_14, uniq_menkaure, uniq_eustachio
D:7:      lemuel_bear_cage, nicolae_overflow_hidden_temple, serial_shops, shop,
          uniq_pikel, uniq_crazy_yiuf_cottage
Temple:   compressed_dpeg_circular_temple

Skill      XL: |  1  2  3  4  5  6  7  8  9 10 |
---------------+-------------------------------+-----
Short Blades   | 3 4 5 7 8 |  8.2
Stealth        | 3 4 5 7 8 |  8.1
Evocations     | 5 6 7 9 10 | 10.5
Fighting       | 1 2 5 6 |  6.1
Dodging        | 4 10 | 10.3
Shields        | 1 |  1.0

Action                   |  1- 3 |  4- 6 |  7- 9 | 10-12 || total
-------------------------+-------+-------+-------+-------++-------
Melee: Short sword       |    35 |   146 |    67 |       ||   248
       Long sword        |       |       |   363 |   120 ||   483
       Scimitar          |       |       |    70 |       ||    70
       Dagger            |       |       |     5 |       ||     5
 Abil: Evoke Ratskin     |       |       |    16 |     7 ||    23
Evoke: Wand              |     2 |    16 |    23 |       ||    41
  Use: Scroll            |       |     4 |     4 |       ||     8
       Potion            |       |     3 |       |       ||     3
 Stab: Paralysed         |     4 |     1 |       |       ||     5
       Sleeping          |     2 |     7 |    20 |     2 ||    31
       Distracted        |       |     1 |     2 |     1 ||     4
       Confused          |       |     1 |       |       ||     1
  Eat: Ration            |       |       |     7 |     2 ||     9
Armor: Robe              |     5 |     8 |    30 |    14 ||    57
Dodge: Dodged            |    36 |   105 |   435 |   143 ||   719
Block: Other             |       |       |     8 |       ||     8
       Buckler           |       |       |   162 |    83 ||   245
       Rpst.: Long sword |       |       |    93 |    22 ||   115
       Scimitar          |       |       |    21 |       ||    21

Table legend:
 A = Spawn XP
 B = Non-spawn XP
 C = Spawn XP percentage of total XP
 D = Spawn monster count
 E = Non-spawn monster count
 F = Spawn count percentage of total count
 G = Total turns spent on level
                    A         B        C        D         E        F      G
               +---------+---------+-------+---------+---------+-------+---------
         Total |       0 |    7880 |   0.0 |       0 |     185 |   0.0 |  9706
               +---------+---------+-------+---------+---------+-------+---------
           D:1 |       0 |      30 |   0.0 |       0 |      19 |   0.0 |   653
           D:2 |       0 |     370 |   0.0 |       0 |      15 |   0.0 |  1109
           D:3 |       0 |     470 |   0.0 |       0 |      36 |   0.0 |  1167
           D:4 |       0 |     628 |   0.0 |       0 |      19 |   0.0 |  1589
           D:5 |       0 |     555 |   0.0 |       0 |      22 |   0.0 |  1820
           D:6 |       0 |    1664 |   0.0 |       0 |      33 |   0.0 |  1665
           D:7 |       0 |    4163 |   0.0 |       0 |      41 |   0.0 |  1625
               +---------+---------+-------+---------+---------+-------+---------
